 Dungeon Crawl Stone Soup version 0.29-a0-289-g2178c42546 (webtiles) character file.

Game seed: 10035568886181048392

15 sanka the Ducker (level 2, 29/29 HPs)
             Began as a Gnoll Monk on Mar 17, 2022.
             Was a Priest of Zin.
             Quit the game on level 2 of the Dungeon.
             The game lasted 00:00:36 (711 turns).

sanka the Ducker (Gnoll Monk)                        Turns: 711, Time: 00:00:36

Health: 29/29      AC:  2    Str: 10    XL:     2   Next: 50%
Magic:  2/2        EV: 15    Int:  9    God:    Zin [***...]
Gold:   92         SH:  0    Dex: 14    Spells: 1/1 levels left

rFire   . . .      SeeInvis .   a - +0 hand axe
rCold   . . .      Faith    .   (no shield)
rNeg    . . .      Spirit   .   b - +0 robe
rPois   .          Reflect  .   (no helmet)
rElec   .          Harm     .   (no cloak)
rCorr   .          Rampage  .   (no gloves)
Will    .....                   (no boots)
Stlth   +++.......              (no amulet)
HPRegen 0.09/turn               (no ring)
MPRegen 0.08/turn               (no ring)

@: no status effects
A: fangs 1, strong nose, distributed training
a: Renounce Religion, Recite, Vitalisation, Imprison, Donate Gold


You were on level 2 of the Dungeon.
You worshipped Zin.
Zin was most pleased with you.
You visited 1 branch of the dungeon, and saw 2 of its levels.

You collected 102 gold pieces.
You donated 10 gold pieces to Zin.


Innate Abilities, Weirdness & Mutations

You have very sharp teeth.
Your uncanny sense of smell can sniff out nearby items.
Your experience applies equally to all skills.


   Skills:
 + Level 6.5 Fighting
 + Level 0.4 Short Blades
 + Level 0.4 Long Blades
 + Level 6.5 Axes
 + Level 0.4 Maces & Flails
 + Level 0.4 Polearms
 + Level 0.4 Staves
 + Level 0.4 Slings
 + Level 0.4 Bows
 + Level 0.4 Crossbows
 + Level 0.4 Throwing
 + Level 0.4 Armour
 + Level 6.5 Dodging
 + Level 4.1 Stealth
 + Level 0.4 Shields
 + Level 0.4 Unarmed Combat
 + Level 0.4 Spellcasting
 + Level 0.2 Conjurations
 + Level 0.2 Hexes
 + Level 0.2 Summonings
 + Level 0.2 Necromancy
 + Level 0.2 Translocations
 + Level 0.2 Transmutations
 + Level 0.2 Fire Magic
 + Level 0.2 Ice Magic
 + Level 0.2 Air Magic
 + Level 0.2 Earth Magic
 + Level 0.2 Poison Magic
 + Level 0.5 Invocations
 + Level 0.4 Evocations


You had one spell level left.
You didn't know any spells.
Your spell library was empty.

Inventory:

Hand Weapons
 a - a +0 hand axe (weapon)
Armour
 b - a +0 robe (worn)
Scrolls
 d - a scroll of enchant weapon {unknown}
 e - 2 scrolls of identify {unknown}
Potions
 c - a potion of ambrosia

Dungeon Overview and Level Annotations

Branches:
Dungeon (2/15)

Altars:
Zin

▒▒▒▒▒▒▒▒ ▒....
▒......▒ ▒....
▒......▒
...≈P▒▒▒▒▒▒..▒▒
▒...▒g▒..▒...▒▒
▒▒.PP▒.▒..▒....▒
..f▒≈P.P≈...▒.▒
▒..▒.P.⌠....▒.▒
▒.▒▒▒ff▒..⌠.⌠...▒.▒
......P▒..≈P≈...▒.▒
▒f▒.≈.PfP.P...▒
▒.▒...........▒
▒▒.▒▒▒▒▒▒▒....▒


There were no monsters in sight!


Message History

Found 5 gold pieces.
Found a stone staircase leading up.
There is a stone staircase leading up here.
Unknown command.
You now have 76 gold pieces (gained 5).
Found 10 gold pieces.
Found 14 stones.
Found 16 gold pieces.
You now have 86 gold pieces (gained 10).
You now have 102 gold pieces (gained 16).
Found a dagger.
You see here a +0 dagger.
Found a faded altar of an unknown god.
There is a fountain of sparkling water here.
You enter the shallow water.
An adder comes into view.
An adder is nearby!
An adder is nearby!
You enter the shallow water.
There is a fountain of sparkling water here.
There is a faded altar of an unknown god here.
You cannot tell which god this altar belongs to.
Convert to them anyway?
Zin accepts your prayer! Zin welcomes you!
You can now recite Zin's Axioms of Law.
You can now call upon Zin for vitalisation.
You pay a tithe of 10 gold.
You can now donate money to Zin.
You can now call upon Zin to imprison the lawless.
Are you sure you want to abandon this character and quit the game? (Confirm with "yes".)

Action                   || total
-------------------------++-------
Melee: Hand axe          ||    28
       Bite              ||     2
 Stab: Sleeping          ||     3
Armor: Robe              ||     2
Dodge: Dodged            ||     8

Levels and vault maps discovered:
D:1:      giann_wishing_wells, layout_rooms, nicolae_figureground_pulse
D:2:      layout_loops_ring, serial_shops, nicolae_square_shop,
          shapermc_ecumenical_altar_mp_ritualfount,
          hangedman_abyss_or_decor_stabs

Notes
Turn   | Place    | Note
-------+----------+-------------------------------------------
     0 | D:1      | sanka the Gnoll Monk began the quest for the Orb.
     0 | D:1      | Reached XP level 1. HP: 23/23 MP: 1/1
   265 | D:1      | Reached XP level 2. HP: 22/29 MP: 2/2
   672 | D:2      | Found a faded altar of an unknown god.
   710 | D:2      | Prayed at the altar of an unknown god.
   710 | D:2      | Became a worshipper of Zin the Law-Giver
   710 | D:2      | Reached * piety under Zin
   710 | D:2      | Reached ** piety under Zin
   710 | D:2      | Reached *** piety under Zin
   711 | D:2      | Quit the game

Vanquished Creatures
  A dart slug (D:1)
  A ball python (D:1)
  2 endoplasms (D:1)
  A goblin (D:1)
  3 hobgoblins (D:1)
  A bat (D:1)
  3 frilled lizards (D:1)
12 creatures vanquished.
